 Dungeon Crawl Stone Soup version 0.31.0-11-ge490571c62 (webtiles) character file.

Game seed: 4702867609046605725

51989 Millikuen the Warrior (level 14, 0/144 HPs)
             Began as a Minotaur Fighter on Jan 25, 2024.
             Was a High Priest of Ashenzari.
             Slain by a skeletal warrior
             ... wielding a +0 hand axe
              (11 damage)
             ... on level 14 of the Dungeon on Jan 26, 2024.
             The game lasted 01:10:01 (17871 turns).

Millikuen the Warrior (Minotaur Fighter)           Turns: 17871, Time: 01:10:01

Health: 0/144      AC: 28    Str: 25    XL:     14   Next: 25%
Magic:  13/13      EV:  8    Int:  3    God:    Ashenzari [*****.]
Gold:   504        SH:  7    Dex: 11    Spells: 13/13 levels left

rFire   + + .        a - +0 war axe of the Celestial Seer {drain, Cun, Comp} (curse)
rCold   + + .        c - +0 buckler of the Prophetic Sky {Bglg, Range} (curse)
rNeg    + . .        H - +4 plate armour of the Unyielding Gaze {rF+, Sorc, Dev} (curse)
rPois   +            (helmet restricted)
rElec   .            r - +2 cloak of the Astral Augur {Cun, Comp} (curse)
rCorr   .            l - +2 pair of gloves of Star-Bound Wisdom {Range, Cun} (curse)
SInv    +            (no boots)
Will    ++...        G - amulet "Bound Suspicion" {Acrobat rF+ rC+, Self, Cun} (curse) Stlth
                     C - ring "Share My Gnosis" {Fly rPois rN+ Will+ Int-2, Comp, Elem} (curse)
HPRegen 0.44/turn    B - ring of the Elysian Disgust {rC+, Self, Comp} (curse)
MPRegen 0.13/turn

%: acrobat, clarity
@: mighty, about to teleport, flying, studying Long Blades
A: horns 2, retaliatory headbutt
a: Renounce Religion, Curse Item, Shatter the Chains


You were on level 14 of the Dungeon.
You worshipped Ashenzari.
Ashenzari was extremely pleased with you.
You visited 2 branches of the dungeon, and saw 17 of its levels.
You also visited: Bailey.

You collected 1362 gold pieces.
You spent 858 gold pieces at shops.

Inventory:

Hand Weapons
 a - the cursed +0 war axe of the Celestial Seer (weapon) {drain, Cun, Comp}

   It has a curse which improves the following skills: Cunning: Dodging and
   Stealth.
   Companions: Summonings and Necromancy.
 m - the +0 mace of the Rat {elec, Str+4}
   (You found it on level 2 of the Dungeon)

   Str+4:     It affects your strength (+4).
 o - a +1 war axe of flaming
 q - a +2 longbow of flaming
 u - the +9 great mace of Shrieking Terror {spect, rC++ rN+ Dex+5}
   (You found it on level 4 of the Dungeon)

   Dex+5:     It affects your dexterity (+5).
   rC++:      It greatly protects you from cold.
   rN+:       It protects you from negative energy.
 E - a +5 executioner's axe of holy wrath
Missiles
 e - 21 boomerangs
 f - 5 atropa-tipped darts (quivered)
 i - 17 poisoned darts
 s - 3 darts of dispersal
 U - a throwing net
Armour
 c - the cursed +0 buckler of the Prophetic Sky (worn) {Bglg, Range}

   It has a curse which improves the following skills: Beguiling: Hexes and
   Translocations.
   Ranged Combat: Ranged Weapons and Throwing.
 l - the cursed +2 pair of gloves of Star-Bound Wisdom (worn) {Range, Cun}
   (You found it on level 2 of the Dungeon)

   It has a curse which improves the following skills: Ranged Combat: Ranged
   Weapons and Throwing.
   Cunning:   Dodging and Stealth.
 r - the cursed +2 cloak of the Astral Augur (worn) {Cun, Comp}
   (You took it off Crazy Yiuf on level 2 of the Dungeon)

   It has a curse which improves the following skills: Cunning: Dodging and
   Stealth.
   Companions: Summonings and Necromancy.
 H - the cursed +4 plate armour of the Unyielding Gaze (worn) {rF+, Sorc, Dev}
   (You took it off a skeletal warrior on level 7 of the Dungeon)

   It has a curse which improves the following skills: Sorcery: Conjurations and
   Alchemy.
   Devices:   Evocations and Shapeshifting.
 K - the quicksilver dragon scales "Bitra" {Will+ Dex+2}
   (You found it on level 7 of the Dungeon)

   Dex+2:     It affects your dexterity (+2).
   Will+:     It increases your willpower.
 M - a +3 scale mail of poison resistance
Jewellery
 B - the cursed ring of the Elysian Disgust (right hand) {rC+, Self, Comp}
   (You found it on level 5 of the Dungeon)

   [ring of protection from cold]

   rC+:       It protects you from cold.
   It has a curse which improves the following skills: Introspection: Fighting
   and Spellcasting.
   Companions: Summonings and Necromancy.
 C - the cursed ring "Share My Gnosis" (left hand) {Fly rPois rN+ Will+ Int-2, Comp, Elem}
   (You found it on level 5 of the Dungeon)

   [ring of flight]

   Int-2:     It affects your intelligence (-2).
   rPois:     It protects you from poison rN+: It protects you from negative
   energy.
   Will+:     It increases your willpower.
   Fly:       It grants you flight.
   It has a curse which improves the following skills: Companions: Summonings
   and Necromancy.
   Elements:  Fire Magic, Ice Magic, Air Magic and Earth Magic.
 G - the cursed amulet "Bound Suspicion" (around neck) {Acrobat rF+ rC+, Self, Cun}
   (You took it off a skeletal warrior on level 7 of the Dungeon)

   [amulet of the acrobat]

   Acrobat:   It increases your evasion while moving and waiting.
   rF+:       It protects you from fire.
   rC+:       It protects you from cold.
   It has a curse which improves the following skills: Introspection: Fighting
   and Spellcasting.
   Cunning:   Dodging and Stealth.
 T - a ring of positive energy
Wands
 j - a wand of roots (7)
 t - a wand of flame (79)
 A - a wand of digging (11)
Scrolls
 b - a scroll of brand weapon
 g - 3 scrolls of poison
 k - 2 scrolls of revelation
 n - 2 scrolls of teleportation
 V - 2 scrolls of fog
 Z - 2 scrolls of enchant armour
Potions
 d - 5 potions of might
 h - a potion of magic
 p - a potion of cancellation
 w - a potion of invisibility
 z - 3 potions of curing
 D - 4 potions of brilliance
 N - 2 potions of resistance
 O - 2 potions of haste
 P - a potion of enlightenment
 Q - 3 potions of ambrosia
 X - a potion of berserk rage
Miscellaneous
 v - a box of beasts (inert)
 I - a lightning rod (3/4)
 J - a tin of tremorstones (1/2)


   Skills:
 + Level 15.5(18.5) Fighting
 + Level 15.2 Axes
 + Level 15.4 Armour
 + Level 15.4 Shields


You had 13 spell levels left.
You didn't know any spells.
Your spell library contained the following spells:

 Spells                   Type           Power      Damage    Failure   Level
 Summon Small Mammal      Summ           0%         N/A       98%         1
 Magic Dart               Conj           0%         1d3       99%         1
 Cigotuvi's Dreadful Rot  Necr/Alch/Air  0%         N/A       99%         2
 Searing Ray              Conj           0%         2d4       99%         2
 Call Canine Familiar     Summ           0%         N/A       100%        3
 Dazzling Flash           Conj/Hex       0%         N/A       100%        3
 Hailstorm                Conj/Ice       0%         3d5       100%        3
 Stone Arrow              Conj/Erth      0%         3d7       100%        3
 Summon Ice Beast         Ice/Summ       0%         N/A       100%        3
 Volatile Blastmotes      Fire/Tloc      0%         2d10      100%        3
 Dispel Undead            Necr           0%         3d6       100%        4
 Fulminant Prism          Conj/Alch      0%         3d5       100%        4
 Martyr's Knell           Necr/Summ      0%         N/A       100%        4
 Olgreb's Toxic Radiance  Alch           0%         N/A       100%        4
 Summon Blazeheart Golem  Fire/Summ      0%         N/A       100%        4
 Death Channel            Necr           0%         N/A       100%        6
 Plasma Beam              Fire/Air       0%         2x1d10    100%        6
 Sculpt Simulacrum        Ice/Alch       0%         N/A       100%        6
 Starburst                Conj/Fire      0%         6d3       100%        6
 Ozocubu's Refrigeration  Ice            0%         4d7       100%        7
 Discord                  Hex            0%         N/A       100%        8
 Lehudib's Crystal Spear  Conj/Erth      0%         10d2      100%        8
 Maxwell's Capacitive Co  Air            0%         ∞         100%        8


Dungeon Overview and Level Annotations

Branches:
Dungeon (14/15)            Temple (0/1) D:5            Lair (3/5) D:10
  Snake (0/4) Lair:2          Orc (0/2) D:9          Vaults (0/5) D:13
 Bailey (visited)
  Swamp: Lair:2-3    Shoals: Lair:2-3

Altars:
Ashenzari
Fedhas
Gozag
Hepliaklqana
Makhleb
Uskayaw
Wu Jian
Xom
Yredelemnul
The Shining One

Shops:
D:6 *   D:12 *   D:13 (

Annotations:
D:8 3 runed translucent doors, Nonseq's ghost, novice TrSh


Innate Abilities, Weirdness & Mutations

You have a pair of horns on your head.
You reflexively headbutt those who attack you in melee.


Message History

* * * LOW HITPOINT WARNING * * *
The skeletal warrior barely misses you. You furiously retaliate!
You headbutt the skeletal warrior!! The skeletal warrior barely misses you.
You furiously retaliate!
You headbutt the skeletal warrior!
The skeletal warrior hits you but does no damage.
You feel better.
Your larval batweird beast closely misses the skeletal warrior.
Your larval batweird beast grabs the skeletal warrior.
Your larval batweird beast constricts the skeletal warrior.
Your larval batweird beast loses its grip on the skeletal warrior.
The skeletal warrior hits you from afar with a +0 halberd.
* * * LOW HITPOINT WARNING * * *
The skeletal warrior hits you but does no damage. x2
The skeletal warrior barely misses you.
Aiming: Thunderbolt
Press: ? - help, Shift-Dir - straight line, f - skeletal warrior
Aim: a skeletal warrior, wielding a +0 halberd The thunderbolt hits the skeletal warrior!
The skeletal warrior is lightly damaged.
The thunderbolt hits the skeletal warrior!
The skeletal warrior is moderately damaged.
Your larval batweird beast barely misses the skeletal warrior.
Your larval batweird beast grabs the skeletal warrior.
Your larval batweird beast constricts the skeletal warrior.
The skeletal warrior hits you but does no damage.
The skeletal warrior hits you with a +0 scimitar!
* * * LOW HITPOINT WARNING * * *
You block the skeletal warrior's attack.
The skeletal warrior hits you but does no damage.
As you read the scroll of teleportation, it crumbles to dust.
You feel strangely unstable.
Your larval batweird beast hits the skeletal warrior but does no damage.
Your larval batweird beast constricts the skeletal warrior.
Your larval batweird beast loses its grip on the skeletal warrior.
You block the skeletal warrior's attack.
The skeletal warrior hits you but does no damage.
The skeletal warrior hits you with a +0 mace!
* * * LOW HITPOINT WARNING * * *
The skeletal warrior hits you with a +0 hand axe!
You die...

*,,,,,,,,,,
#..!#****,, #...#
*,, ** #...#
*,,,,,,,,,. #...#
*,,,,,,,,,. #...#
*,,,,,,,,,. #..z#
*,,,,,,####
#z)z#####.,,,,,#...
#.@.......,,,,,#...
#H.z......,,,,,#...
#.!.....########...
#.......#..........
##......#..........
#......#..........
#......######.....
#...........#.....
#...........#.....


You could see 4 skeletal warriors and a friendly larval batweird beast
(summoned).

Vanquished Creatures
  Jorgrun (D:12)
  Frances (D:12)
  Nessos (D:12)
  A fire dragon (D:12)
  A crystal guardian (D:12)
  A yaktaur captain (D:12)
  4 vault guards (D:13)
  2 hydras
  A catoblepas (Lair:1)
  3 boulder beetles
  4 two-headed ogres
  A tengu warrior (D:7)
  A dancing weapon (D:7)
  2 skeletal warriors
  Pikel (D:7)
  3 deep elf pyromancers
  An orc knight (Bailey)
  8 ugly things
  6 cyclopes
  10 elephants
  5 manticores
  The ghost of sentinel the Ruffian, a novice TrFi (D:7)
  3 unseen horrors
  5 cane toads
  2 kobold demonologists
  A rime drake (Lair:2)
  5 gargoyles
  4 komodo dragons
  Psyche (D:11)
  A tengu conjurer (D:13)
  4 trolls
  3 polar bears
  6 blink frogs
  2 slime creatures (D:13)
  3 wraiths
  Sigmund (D:2)
  2 shadows
  A vampire (D:11)
  12 yaks
  5 wyverns
  Grum (D:10)
  2 basilisks (Lair:1)
  14 vampire mosquitoes
  2 steam dragons
  3 nagas (Lair:2)
  4 acid dragons
  4 water moccasins
  A swamp drake (D:9)
  A black bear (D:5)
  2 ice beasts
  17 orc warriors
  2 sky beasts (D:7)
  A laughing skull (D:12)
  6 wolves
  4 ogres
  3 centaurs
  3 phantoms
  3 kobold brigands
  Blork the orc (D:4)
  9 bullfrogs
  A necrophage (D:4)
  8 scorpions
  2 gnoll sergeants
  5 wights
  17 killer bees (D:9)
  4 howler monkeys
  8 electric eels
  2 centaur zombies (D:8)
  A bombardier beetle (D:5)
  2 hounds
  9 orc priests
  2 sleepcaps
  Crazy Yiuf (D:2)
  2 gnoll boudas
  2 jellies
  4 iguanas
  9 orc wizards
  A hound skeleton (D:4)
  9 gnolls
  9 adders
  2 shadow imps
  A white imp (D:7)
  An ufetubus (D:5)
  5 dart slugs
  70 orcs
  6 ball pythons
  7 bats
  6 endoplasms
  12 goblins
  14 hobgoblins
  4 jackals
  16 kobolds
  4 quokkas
  6 rats
455 creatures vanquished.

Notes
Turn   | Place    | Note
-------+----------+-------------------------------------------
     0 | D:1      | Millikuen the Minotaur Fighter began the quest for the Orb.
     0 | D:1      | Reached XP level 1. HP: 19/19 MP: 0/0
   108 | D:1      | Reached XP level 2. HP: 26/27 MP: 1/1
   423 | D:1      | Reached XP level 3. HP: 30/33 MP: 2/2
   558 | D:2      | Found a faded altar of an unknown god.
   764 | D:2      | Noticed Sigmund
   769 | D:2      | Killed Sigmund
   770 | D:2      | Reached XP level 4. HP: 33/41 MP: 3/3
   770 | D:2      | Reached XP level 5. HP: 38/47 MP: 4/4
   818 | D:2      | Reached skill level 5 in Fighting
   902 | D:2      | Found a runed translucent door.
   903 | D:2      | Noticed Crazy Yiuf
   948 | D:2      | Reached skill level 5 in Armour
   981 | D:2      | Identified the +0 mace of the Rat {elec, Str+4}
  1262 | D:2      | Killed Crazy Yiuf
  1263 | D:2      | Reached skill level 5 in Shields
  1437 | D:3      | Reached XP level 6. HP: 56/56 MP: 5/5
  2102 | D:4      | Found a broken altar of Ashenzari.
  2103 | D:4      | Found a blossoming altar of Fedhas.
  2146 | D:4      | Became a worshipper of Ashenzari the Shackled
  2208 | D:4      | Identified the +9 great mace of Shrieking Terror {spect,
                  | rC++ rN+ Dex+5}
  2389 | D:4      | Noticed Blork the orc
  2599 | D:4      | Killed Blork the orc
  2672 | D:4      | Reached skill level 5 in Axes
  2690 | D:4      | Found a burning altar of Makhleb.
  2699 | D:4      | Reached XP level 7. HP: 62/62 MP: 6/6
  2810 | D:5      | Entered Level 5 of the Dungeon
  2889 | D:5      | Found a staircase to the Ecumenical Temple.
  3434 | D:5      | Noticed a yak
  3441 | D:5      | Killed a yak
  3442 | D:5      | Reached XP level 8. HP: 56/71 MP: 7/7
  3459 | D:5      | Identified the ring of Circularity {Fly rPois rN+ Will+
                  | Int-2}
  3763 | D:5      | Got the Omnibus of the Ass
  3976 | D:6      | Reached XP level 9. HP: 68/81 MP: 8/8
  4186 | D:6      | Reached * piety under Ashenzari
  4221 | D:6      | Found Gozag's Platinum Reserve.
  4224 | D:6      | Found an opulent altar of Gozag.
  4846 | D:7      | Found a glowing golden altar of the Shining One.
  5084 | D:7      | Found a flagged portal.
  5106 | D:7      | Reached ** piety under Ashenzari
  5108 | Bailey   | Entered a bailey
  5599 | Bailey   | Identified a scroll of acquirement
  5599 | Bailey   | Noticed an orc knight
  5606 | Bailey   | Killed an orc knight
  5607 | Bailey   | Reached XP level 10. HP: 50/94 MP: 9/9
  5676 | Bailey   | Acquired a +5 executioner's axe of holy wrath
  5902 | D:7      | Found a runed translucent door.
  5902 | D:7      | Found a shimmering altar of Xom.
  5902 | D:7      | Noticed sentinel's ghost (novice TrFi)
  5902 | D:7      | Noticed a +0 war axe of chaos
  6017 | D:7      | Noticed a tengu warrior
  6038 | D:7      | Killed a tengu warrior
  6081 | D:7      | Identified the amulet of the Forsaken Places {Acrobat rF+
                  | rC+}
  6081 | D:7      | Noticed a skeletal warrior
  6100 | D:7      | Killed a skeletal warrior
  6101 | D:7      | Reached skill level 10 in Fighting
  6101 | D:7      | Reached skill level 10 in Armour
  6101 | D:7      | Reached skill level 10 in Shields
  6542 | D:7      | Identified the quicksilver dragon scales "Bitra" {Will+
                  | Dex+2}
  6543 | D:7      | Identified the +1 ring mail of Xulimina {Harm ^Drain rElec
                  | rF+ Regen+}
  6769 | D:7      | Noticed Pikel
  6777 | D:7      | Killed Pikel
  6778 | D:7      | Reached skill level 10 in Axes
  6949 | D:7      | Killed sentinel's ghost
  6959 | D:7      | Killed a +0 war axe of chaos
  7198 | D:8      | Reached *** piety under Ashenzari
  7323 | D:8      | Reached XP level 11. HP: 82/107 MP: 10/10
  7422 | D:8      | Found a basalt altar of Yredelemnul.
  7539 | D:8      | Reached **** piety under Ashenzari
  7707 | D:8      | Found a runed translucent gate.
  7707 | D:8      | Found a runed translucent gate.
  7707 | D:8      | Found a runed translucent gate.
  7707 | D:8      | Noticed a ten-headed hydra
  7707 | D:8      | Noticed Nonseq's ghost (novice TrSh)
  7791 | D:8      | Found an ornate altar of the Wu Jian Council.
  7996 | D:9      | Noticed a two-headed ogre
  8003 | D:9      | Killed a two-headed ogre
  8730 | D:9      | Found a hazy altar of Hepliaklqana.
  8763 | D:9      | Noticed a two-headed ogre
  8768 | D:9      | Killed a two-headed ogre
  8922 | D:9      | Found a staircase to the Orcish Mines.
  9082 | D:9      | Reached ***** piety under Ashenzari
  9213 | D:10     | Entered Level 10 of the Dungeon
  9670 | D:10     | Found a staircase to the Lair.
  9804 | D:10     | Found a hide-covered altar of Uskayaw.
  9814 | D:10     | Noticed Grum
  9825 | D:10     | Killed Grum
 10465 | D:11     | Reached XP level 12. HP: 43/121 MP: 11/11
 10811 | D:11     | Noticed a two-headed ogre
 10817 | D:11     | Killed a two-headed ogre
 11032 | D:11     | Noticed Psyche
 11036 | D:11     | Killed Psyche
 11707 | D:11     | Noticed a five-headed hydra
 11715 | D:11     | Killed a ten-headed hydra
 11935 | D:12     | Noticed Frances
 11948 | D:12     | Killed Frances
 12323 | D:12     | Noticed a fire dragon
 12323 | D:12     | Noticed a crystal guardian
 12323 | D:12     | Identified the +0 cloak "Aliguhepp" {Int+3}
 12324 | D:12     | Noticed a boulder beetle
 12337 | D:12     | Killed a boulder beetle
 12344 | D:12     | Killed a crystal guardian
 12440 | D:12     | Noticed a yaktaur captain
 12451 | D:12     | Killed a yaktaur captain
 12460 | D:12     | Killed a fire dragon
 12879 | Lair:1   | Entered Level 1 of the Lair of Beasts
 12882 | Lair:1   | Noticed a catoblepas
 12923 | Lair:1   | Killed a catoblepas
 12924 | Lair:1   | Reached XP level 13. HP: 81/130 MP: 12/12
 14518 | Lair:2   | Found a staircase to the Snake Pit.
 15022 | D:10     | Upgraded the game from 0.31.0-10-gcf4a605ca0 to
                  | 0.31.0-11-ge490571c62
 15212 | D:12     | Noticed Jorgrun
 15240 | D:12     | Killed Jorgrun
 15296 | D:12     | Found Geqec's Assorted Antiques.
 15577 | D:12     | Noticed Nessos
 15614 | D:12     | Killed Nessos
 15885 | D:13     | Found a gate to the Vaults.
 16395 | D:13     | Found Cahar's Weapon Shoppe.
 16422 | D:13     | Reached skill level 15 in Fighting
 16460 | D:13     | Reached skill level 15 in Armour
 16635 | D:13     | Reached skill level 15 in Shields
 16710 | D:13     | Reached XP level 14. HP: 110/143 MP: 13/13
 16913 | D:13     | Reached skill level 15 in Axes
 17645 | D:12     | Bought a box of beasts for 840 gold pieces
 17645 | D:12     | Bought a glowing coppery potion for 18 gold pieces
 17871 | D:14     | Slain by a skeletal warrior

Illustrated notes

Levels and vault maps discovered:
D:1:      heliophobic_arrival_enchanted_forest, layout_basic, minivault_11,
          minmay_tall_x
D:2:      layout_rooms, nicolae_ecumenical_oubliette, dreamdust_wishing_well,
          fountainhead, minmay_pentomino_w2, uniq_sigmund,
          uniq_crazy_yiuf_cottage
D:3:      layout_loops_cross, serial_bayou_pond_e, grunt_decor_junction
D:4:      layout_gridville, amcnicky_altar_gilded, overflow_temple_1_default,
          makhleb_blood_cavern_becter, supply_closet_lemuel, uniq_blork_the_orc
D:5:      kennysheep_windowed_halls, layout_cave_pools,
          minmay_temple_entry_overgrown, minmay_misc_feat_tiny,
          nicolae_twisty_statue_hallways
D:6:      layout_basic, nicolae_gozag_zags_fifth_avenue
D:7:      layout_basic, kennysheep_mini_moat, enter_bailey_5, ebering_ghost_xom,
          minmay_the_grid_2x2 [minmay_the_grid_zigzag_pyramid,
          minmay_the_grid_spin_star, minmay_the_grid_minigrid_small_alt,
          minmay_the_grid_prize_diamond_cup], uniq_pikel
D:8:      corexii_shack_village, layout_loops_ring,
          lemuel_zombie_altar_yredelemnul, nzn_wu_jian_contemplation,
          gammafunk_ghost_hydra_chop
D:9:      nicolae_BIG_FREAKIN_CUBE, layout_loops_cross,
          nicolae_hepliaklqana_hippocampus, erik_orc_1, nicolae_lava_and_water,
          blue_anna_alchemist
D:10:     layout_grid_maze, mainiacjoe_overflow_boulevard, lair_entry_dummy,
          uniq_grum
D:11:     wad_woods_structure_01, layout_basic, uniq_psyche
D:12:     minmay_glassy_protrusions, layout_rooms, serial_shops, shop,
          hangedman_decor_slide_cut, kennysheep_generic_room_6, uniq_jorgrun,
          uniq_frances, uniq_nessos
D:13:     layout_roguey, lightli_vaults_fourway_checkpoint, special_room
          [special_room_orc], serial_shops, nicolae_shop_getting_attention,
          chequers_decorated_corner
D:14:     layout_irregular_city, chequers_serial_rivers_micro_e
Lair:1:   layout_roguey, dpeg_stationary_puzzle
Lair:2:   layout_gridlike, nicolae_snake_entry_squirm, minivault_26,
          lemuel_fruit_tree
Lair:3:   layout_cave_shapes, swamp_mist, dreamdust_gnoll_shepherd,
          uniq_gastronok

Skill      XL: |  1  2  3  4  5  6  7  8  9 10 11 12 13 14 |
---------------+-------------------------------------------+-----
Fighting       | 4 5 6 8 9 10 12 13 15 | 15.5
Armour         | 4 5 6 7 9 10 12 13 15 | 15.4
Shields        | 4 5 6 7 9 10 12 13 15 | 15.4
Axes           | 3 4 5 6 7 8 10 12 13 14 15 | 15.2

Action                     |  1- 3 |  4- 6 |  7- 9 | 10-12 | 13-15 || total
---------------------------+-------+-------+-------+-------+-------++-------
  Melee: War axe           |    50 |   114 |   259 |   600 |   431 ||  1454
         Headbutt          |     6 |    19 |    39 |   174 |   111 ||   349
  Throw: Dart              |       |       |       |     4 |     1 ||     5
 Invoke: Curse Item        |       |       |     3 |     5 |       ||     8
  Evoke: Wand              |       |       |     1 |       |       ||     1
         Tin of tremorston |       |       |       |     4 |     2 ||     6
         Lightning rod     |       |       |       |     2 |     4 ||     6
         Box of beasts     |       |       |       |       |     1 ||     1
    Use: Scroll            |     4 |     5 |     1 |     1 |     4 ||    15
         Potion            |       |     8 |     6 |     3 |     6 ||    23
   Stab: Petrified         |       |       |       |     2 |       ||     2
 Armour: Scale mail        |    30 |    77 |   245 |    50 |       ||   402
         Skin              |       |       |     3 |       |       ||     3
         Plate armour      |       |       |       |   469 |   525 ||   994
  Dodge: Dodged            |    30 |    43 |   120 |   244 |   238 ||   675
  Block: Buckler           |    14 |    16 |    87 |   173 |   206 ||   496
